 Dungeon Crawl Stone Soup version 0.20.1-1-g8b1a95d (webtiles) character file.

237 Jannitor the Chopper (level 6, -4/56 HPs)
             Began as a Hill Orc Chaos Knight on Sept 7, 2017.
             Killed by the air
             ... invoked by Cral's ghost
              (12 damage)
             ... on level 4 of the Dungeon.
             The game lasted 00:03:21 (2520 turns).

Jannitor the Chopper (Hill Orc Chaos Knight)        Turns: 2520, Time: 00:03:22

Health: -4/56      AC:  7    Str: 17    XL:     6   Next: 6%
Magic:  6/6        EV: 18    Int: 12    God:    Xom [.....*]
Gold:   199        SH:  0    Dex: 15    Spells: 5/5 levels left

rFire    . . .     SeeInvis .   a - +0 hand axe (chaos)
rCold    . . .     Gourm    .   (no shield)
rNeg     . . .     Faith    .   e - +0 scale mail
rPois    .         Spirit   .   (no helmet)
rElec    .         Reflect  .   (no cloak)
rCorr    .         Harm     .   (no gloves)
MR       +....                  (no boots)
Stlth    +.........             (no amulet)
Regen    0.2/turn               l - +3 ring of evasion
MPRegen  0.1/turn               m - ring of protection from magic

@: agile
A: no striking features
a: Renounce Religion


You were on level 4 of the Dungeon.
You worshipped Xom.
You were Xom's teddy bear.
You were not hungry.

You visited 1 branch of the dungeon, and saw 4 of its levels.

You collected 199 gold pieces.

Inventory:

Hand Weapons
 a - a +0 hand axe of chaos (weapon)
 p - a +1 hand axe of chopping
Armour
 b - a +2 leather armour
 e - a +0 scale mail (worn)
Jewellery
 l - a +3 ring of evasion (left hand)
 m - a ring of protection from magic (right hand)
Scrolls
 d - 2 scrolls of remove curse {unknown}
 g - a scroll of immolation {unknown}
 h - 2 scrolls of recharging {unknown}
 i - 5 scrolls of fear {unknown}
 n - 2 scrolls of teleportation {unknown}
 o - a scroll of identify {unknown}
Potions
 k - a potion of curing
Comestibles
 c - 2 bread rations
 f - a royal jelly
 j - a meat ration
 q - 2 chunks of flesh
 r - 2 fruits


   Skills:
 + Level 5.4 Fighting
 + Level 5.9 Axes
 + Level 4.1 Armour
 - Level 1.1 Dodging


You had 5 spell levels left.
You didn't know any spells.

Dungeon Overview and Level Annotations

Branches:
Dungeon (4/15)
 Temple: D:4-7

Altars:
Gozag
Nemelex Xobeh

Annotations:
D:2 Sigmund
D:4 Cral's ghost, amateur TeAE


Message History

You miss something.
You hear blowing wind.
The air twists around and strikes you!
* * * LOW HITPOINT WARNING * * *
It was a potion of agility.
You feel agile all of a sudden.
Xom roars with laughter!
Something hits you but does no damage. x2
Unknown command.
You miss something. Something hits you.
* * * LOW HITPOINT WARNING * * *
Unknown command.
Okay, then.
Something hits you.
* * * LOW HITPOINT WARNING * * *
Something hits you but does no damage.
You see here a short sword of venom.
You hear blowing wind.
The air twists around and strikes you!
You die...

#####...............
##.### #####..####.####.
[.....# #...## ..# ##.
.......## ###.#..##.###...
........##....##)...##..##
........#..#####.).##†....
.......).. ##...).†.....
.......{######..###>......
........)@[.##.## #.#.....
..........#.....# #.#.....
......#...####......##....
########...# #...######...
#.........# ###
##.#..#....# #.#?...##...
#.....## ##.. ... #.. #.


There were no monsters in sight!

Vanquished Creatures
  Terence (D:3)
  Natasha (D:2)
  A killer bee zombie (D:4)
  2 adders (D:3)
  An ooze (D:1)
  3 dart slugs
  2 leopard geckos
  4 orcs
  2 bats (D:2)
  A giant cockroach (D:4)
  5 goblins
  2 jackals (D:1)
  2 kobolds
  2 quokkas
  2 ball pythons (D:3)
  A frilled lizard (D:2)
  7 rats
39 creatures vanquished.

Vanquished Creatures (collateral kills)
  A phantom (D:4)
  2 hounds (D:4)
  An orc (D:4)
4 creatures vanquished.

Grand Total: 43 creatures vanquished

Notes
Turn   | Place    | Note
-------+----------+-------------------------------------------
     0 | D:1      | Jannitor the Hill Orc Chaos Knight began the quest for the Orb.
     0 | D:1      | Reached XP level 1. HP: 19/19 MP: 1/1
    80 | D:1      | Reached skill level 1 in Dodging
    80 | D:1      | Reached XP level 2. HP: 25/27 MP: 2/2
   127 | D:1      | XOM: silly message
   176 | D:1      | XOM: harmless Tloc miscast
   354 | D:1      | XOM: divination: magic mapping
   422 | D:1      | XOM: harmless Tmut miscast
   766 | D:2      | Noticed Natasha
   772 | D:2      | Killed Natasha
   772 | D:2      | Reached XP level 3. HP: 13/33 MP: 3/3
   867 | D:2      | XOM: divination: magic mapping
  1057 | D:2      | Found a sparkling altar of Nemelex Xobeh.
  1063 | D:2      | Reached XP level 4. HP: 33/41 MP: 4/4
  1174 | D:2      | XOM: harmless Pois miscast
  1179 | D:2      | Noticed Sigmund
  1204 | D:2      | XOM: cloud trail
  1623 | D:3      | XOM: god gift: runed hand axe {god gift}
  1796 | D:3      | Noticed Terence
  1813 | D:3      | Killed Terence
  1890 | D:3      | XOM: potion effect (might)
  1894 | D:3      | Reached skill level 5 in Axes
  1907 | D:3      | Found an opulent altar of Gozag.
  2108 | D:3      | XOM: god gift: 5 curare-tipped needles
  2146 | D:4      | Reached skill level 5 in Fighting
  2146 | D:4      | Reached XP level 5. HP: 14/48 MP: 5/5
  2155 | D:4      | XOM: harmless Ice miscast
  2227 | D:4      | XOM: harmless Summ miscast
  2338 | D:4      | Noticed a phantom
  2339 | D:4      | XOM: confuse monster(s)
  2348 | D:4      | XOM: confuse monster(s)
  2358 | D:4      | Killed a phantom
  2494 | D:4      | Reached XP level 6. HP: 43/56 MP: 6/6
  2506 | D:4      | Noticed Cral's ghost (amateur TeAE)
  2520 | D:4      | Killed from afar by Cral's ghost

Skill      XL: |  1  2  3  4  5 |
---------------+----------------+-----
Dodging        | 1 |  1.1
Fighting       | 4 5 |  5.4
Armour         | 3 4 |  4.1
Axes           | 5 |  5.9

Action                   |  1- 3 |  4- 6 || total
-------------------------+-------+-------++-------
Melee: Hand axe          |    68 |    95 ||   163
  Use: Potion            |       |     3 ||     3
 Stab: Distracted        |       |     1 ||     1
       Confused          |       |     1 ||     1
  Eat: Chunk             |       |     5 ||     5
Armor: Leather armour    |     5 |       ||     5
       Scale mail        |    24 |    38 ||    62
Dodge: Dodged            |    33 |    46 ||    79
